 Dungeon Crawl Stone Soup version 0.28.0-53-g5a82cb258f (webtiles) character file.

Game seed: 8241274223303360656

6 GigaChad the Slasher (level 1, -2/18 HPs)
             Began as a Minotaur Gladiator on Aug 22, 2022.
             Slain by a hobgoblin (4 damage)
             ... on level 1 of the Dungeon.
             The game lasted 00:00:15 (74 turns).

GigaChad the Slasher (Minotaur Gladiator)             Turns: 74, Time: 00:00:15

Health: -2/18      AC:  3    Str: 18    XL:     1   Next: 75%
Magic:  0/0        EV: 12    Int:  5    God:
Gold:   15         SH:  0    Dex: 11    Spells: 0/0 levels left

rFire   . . .      SeeInvis .   a - +0 long sword
rCold   . . .      Faith    .   (no shield)
rNeg    . . .      Spirit   .   b - +0 leather armour
rPois   .          Reflect  .   c - +0 hat
rElec   .          Harm     .   (no cloak)
rCorr   .          Rampage  .   (no gloves)
Will    .....                   (no boots)
Stlth   +.........              (no amulet)
HPRegen 0.06/turn               (no ring)
MPRegen 0.07/turn               (no ring)

@: no status effects
A: horns 2, retaliatory headbutt
a: no special abilities


You were on level 1 of the Dungeon.
You visited 1 branch of the dungeon, and saw 1 of its levels.

You collected 15 gold pieces.

Inventory:

Hand Weapons
 a - a +0 long sword (weapon)
Missiles
 d - 3 throwing nets (quivered)
Armour
 b - a +0 leather armour (worn)
 c - a +0 hat (worn)


   Skills:
 + Level 2.8 Fighting
 + Level 3.6 Long Blades
 + Level 2.3 Throwing
 + Level 3.2 Dodging


You couldn't memorise any spells.
You didn't know any spells.
Your spell library was empty.

Dungeon Overview and Level Annotations

Branches:
Dungeon (1/15)

Altars:


Innate Abilities, Weirdness & Mutations

You have a pair of horns on your head.
You reflexively headbutt those who attack you in melee.


Message History

The ball python hisses angrily.
A bat comes into view.
The bat closely misses you. You furiously retaliate!
You headbutt the bat. The bat hits you. The bat hits you but does no damage.
You hit the ball python.
You kill the ball python!
The bat barely misses you. You furiously retaliate!
You headbutt the bat!
You kill the bat!
You see here a ball python corpse.
A hobgoblin comes into view.
Found a sedimented orange potion.
The hobgoblin shouts!
A goblin comes into view. It is wielding a +0 club.
The goblin shouts!
You hear a shout!
A hobgoblin comes into view.
The hobgoblin misses you.
You barely miss the hobgoblin. The hobgoblin misses you.
The goblin hits you with a +0 club. The hobgoblin closely misses you.
The goblin barely misses you. You furiously retaliate!
You headbutt the goblin.
You kill the goblin!
The hobgoblin misses you. The hobgoblin misses you.
The hobgoblin closely misses you.
The hobgoblin hits you but does no damage. x2
You hit the hobgoblin. Your headbutt misses the hobgoblin.
The hobgoblin is severely wounded.
The hobgoblin hits you. The hobgoblin barely misses you.
You furiously retaliate!
You headbutt the hobgoblin, but do no damage.
The hobgoblin hits you. x2
The hobgoblin barely misses you.
The hobgoblin hits you but does no damage.
You see here a +0 club.
A ball python comes into view.
The hobgoblin barely misses you. The hobgoblin hits you.
* * * LOW HITPOINT WARNING * * *
You barely miss the hobgoblin. The hobgoblin hits you.
* * * LOW HITPOINT WARNING * * *
The hobgoblin hits you.
You die...

#....#.......#.......
#....#......##...#...
#...........##...#...
#...........##.......
####........###.......
#...........# ###.....
#..........## ######
#....)g...## ≈≈≈≈≈
#....@g...# P.♣P♣
#..........# .P♣.♣
#........!.# ≈≈≈≈≈
#..........# ≈≈≈≈≈
#....S....## PP♣♣≈
#.........# ♣PP♣≈
##.......## ♣.♣P≈
........# ≈≈≈≈≈ ≈≈≈≈≈


You could see 2 hobgoblins and a ball python.

Vanquished Creatures
  2 ball pythons (D:1)
  A bat (D:1)
  A giant cockroach (D:1)
  A goblin (D:1)
5 creatures vanquished.

Notes
Turn   | Place    | Note
-------+----------+-------------------------------------------
     0 | D:1      | GigaChad the Minotaur Gladiator began the quest for the
                  | Orb.
     0 | D:1      | Reached XP level 1. HP: 18/18 MP: 0/0
    74 | D:1      | Slain by a hobgoblin

Illustrated notes

Levels and vault maps discovered:
D:1:      lightli_arrival_farm, layout_basic,
          hellmonk_ecumenical_altar_slurped_away

Action                   || total
-------------------------++-------
Melee: Long sword        ||     6
Armor: Leather armour    ||     4
Dodge: Dodged            ||    13
